 Dungeon Crawl Stone Soup version 0.21.0 (webtiles) character file.

3449 Ghouzt the Basher (level 10, -5/61 HPs)
             Began as a Gargoyle Fighter on Jan 8, 2018.
             Was a Follower of Makhleb.
             Slain by a two-headed ogre
             ... wielding a +0 giant club
              (10 damage)
             ... on level 8 of the Dungeon.
             The game lasted 00:29:09 (6795 turns).

Ghouzt the Basher (Gargoyle Fighter)                Turns: 6795, Time: 00:29:10

Health: -5/61      AC: 22    Str: 32    XL:     10   Next: 6%
Magic:  10/10      EV:  9    Int:  8    God:    Makhleb [*.....]
Gold:   390        SH: 12    Dex:  9    Spells: 9/9 levels left

rFire    . . .     SeeInvis .   a - +0 flail
rCold    . . .     Gourm    .   c - +0 shield
rNeg     + . .     Faith    .   b - +0 scale mail
rPois    ∞         Spirit   .   G - +0 helmet
rElec    +         Reflect  .   B - +1 cloak
rCorr    .         Harm     .   g - +0 pair of gloves
MR       +....                  A - +1 pair of boots
Stlth    ..........             (no amulet)
HPRegen  0.20/turn              j - +3 ring of strength (curse)
MPRegen  0.12/turn              D - ring of protection from magic

@: mighty
A: negative energy resistance 1, electricity resistance, unbreathing,
petrification resistance, rot immunity, AC +7
a: Renounce Religion


You were on level 8 of the Dungeon.
You worshipped Makhleb.
Makhleb was aware of your devotion.
You were not hungry.

You visited 1 branch of the dungeon, and saw 8 of its levels.

You collected 390 gold pieces.

Inventory:

Hand Weapons
 a - a +0 flail (weapon)
Armour
 b - a +0 scale mail (worn)
 c - a +0 shield (worn)
 g - a +0 pair of gloves (worn)
 A - a +1 pair of boots (worn)
 B - a +1 cloak (worn)
 G - a +0 helmet (worn)
Jewellery
 j - a cursed +3 ring of strength (left hand)
 q - an uncursed ring of protection from fire
 u - a cursed ring of loudness
 D - a ring of protection from magic (right hand)
 F - a +6 ring of intelligence {unknown}
Wands
 w - a wand of acid (9)
Scrolls
 e - 8 scrolls of identify
 h - 2 scrolls of magic mapping {unknown}
 i - 3 scrolls of noise {unknown}
 k - 2 scrolls of random uselessness {unknown}
 l - a scroll of immolation {unknown}
 m - 2 scrolls of enchant weapon {unknown}
 p - 5 scrolls of remove curse {unknown}
 r - 4 scrolls of fog {unknown}
 s - 2 scrolls of enchant armour {unknown}
 t - 2 scrolls of fear {unknown}
 y - 4 scrolls of teleportation {unknown}
Potions
 n - 4 potions of curing
 o - a potion of brilliance
 v - 2 potions of invisibility {unknown}
 x - a potion of mutation {unknown}
 z - 3 potions of flight {unknown}
 C - a potion of lignification {unknown}
 E - a potion of resistance {unknown}
 I - a potion of agility {unknown}
Comestibles
 f - 17 rations


   Skills:
 + Level 6.4 Fighting
 + Level 9.1 Maces & Flails
 + Level 7.0 Armour
 - Level 1.1 Dodging
 + Level 9.0 Shields


You had 9 spell levels left.
You didn't know any spells.

Dungeon Overview and Level Annotations

Branches:
Dungeon (8/15)             Temple (0/1) D:6
   Lair: D:8-11

Altars:
Cheibriados
Makhleb
Okawaru
Ru
Sif Muna
Trog
Wu Jian
Xom
Yredelemnul
The Shining One

Shops:
D:7 :

Annotations:
D:8 bappy's ghost, novice HaAs


Innate Abilities, Weirdness & Mutations

You are resistant to torment.
Your stone body is resilient. (AC +7)
You are immune to poison.
You resist negative energy. (rN+)
You are resistant to electric shocks. (rElec)
You can survive without breathing.
You are immune to petrification.
You are immune to rotting.


Message History

The two-headed ogre hits you with a giant spiked club.
The gargoyle hits the plant with a flail!
You hear a shout!
You thump the two-headed ogre!
The two-headed ogre is almost dead.
An orc wizard appears from thin air!
Reactivating autopickup.
The orc priest looks braver for a moment.
The gargoyle hits the plant with a flail.
The two-headed ogre hits you with a giant club.
The two-headed ogre barely misses you.
You barely miss the two-headed ogre.
The two-headed ogre is almost dead.
The gargoyle hits the plant with a flail!!
The plant is destroyed!
The howler monkey hoots and howls with incredible vigour!
The two-headed ogre hits you with a giant club!!
* * * LOW HITPOINT WARNING * * *
The two-headed ogre hits you with a giant spiked club!
You die...

#......... ..
#......... #.
...# #.........
#.. ..#
#.........
..###F#
#.......##
.....####.......#
#..............#
###.............#
#@##.Y⌠....######
##OoWo.....#
#hYo9......#
#...Yo99P.....#
#...........%.#
#..###.........#
#.# #...#.....#
... ...##.<...#
#.. ....##.....#


You could see a two-headed ogre, 2 yaks, 3 gargoyles, a howler monkey, an orc
priest, an orc wizard, bappy's ghost and 2 orcs.

Vanquished Creatures
  A hippogriff (D:7)
  A human (D:5)
  A spriggan (D:7)
  Eustachio (D:6)
  A hungry ghost (D:6)
  Menkaure (D:6)
  Duvessa (D:6)
  2 phantoms (D:5)
  3 black bears (D:7)
  3 ice beasts
  2 ogres
  3 centaurs
  2 bullfrogs
  2 gnoll sergeants
  8 scorpions
  Dowan (D:6)
  A howler monkey (D:8)
  2 crimson imps
  A human zombie (D:5)
  3 hounds
  A bullfrog skeleton (D:7)
  An iguana (D:6)
  2 worker ants
  A killer bee zombie (D:8)
  A worker ant zombie (D:6)
  Robin (D:4)
  9 gnolls
  9 adders
  A howler monkey skeleton (D:4)
  A shadow imp (D:6)
  An ooze (D:5)
  An adder skeleton (D:5)
  4 worms
  3 dart slugs
  3 leopard geckos
  8 orcs
  11 bats
  5 giant cockroaches
  12 goblins
  11 hobgoblins
  12 jackals
  4 kobolds
  A quokka (D:3)
  2 ball pythons
  5 frilled lizards
  A leopard gecko zombie (D:5)
  A quokka zombie (D:6)
  4 rats
  A plant (D:4)
157 creatures vanquished.

Vanquished Creatures (others)
  A fungus (D:4)
  2 plants (D:8)
3 creatures vanquished.

Grand Total: 160 creatures vanquished

Notes
Turn   | Place    | Note
-------+----------+-------------------------------------------
     0 | D:1      | Ghouzt the Gargoyle Fighter began the quest for the Orb.
     0 | D:1      | Reached XP level 1. HP: 14/14 MP: 1/1
    81 | D:1      | Reached XP level 2. HP: 16/19 MP: 2/2
   361 | D:1      | Reached XP level 3. HP: 16/24 MP: 3/3
   907 | D:2      | Reached XP level 4. HP: 24/29 MP: 4/4
  1183 | D:2      | Reached skill level 1 in Dodging
  1183 | D:2      | Reached XP level 5. HP: 22/33 MP: 5/5
  2226 | D:3      | You fall through a shaft!
  2226 | D:4      | Found a deep blue altar of Sif Muna.
  2226 | D:4      | Found an ornate altar of the Wu Jian Council.
  2290 | D:4      | Noticed Robin
  2312 | D:4      | Killed Robin
  2334 | D:4      | Reached XP level 6. HP: 28/38 MP: 6/6
  2506 | D:4      | Found a sacrificial altar of Ru.
  2561 | D:4      | Became a worshipper of Ru the Awakened
  2639 | D:4      | Reached skill level 5 in Shields
  2705 | D:4      | Reached XP level 7. HP: 38/43 MP: 7/7
  2923 | D:4      | Found the +7 Singing Sword
  3226 | D:4      | Reached skill level 5 in Maces & Flails
  3425 | D:5      | Entered Level 5 of the Dungeon
  3472 | D:5      | Reached skill level 5 in Armour
  3508 | D:5      | Reached XP level 8. HP: 20/48 MP: 8/8
  3859 | D:5      | Reached skill level 5 in Fighting
  4163 | D:5      | Found a burning altar of Makhleb.
  4345 | D:5      | Found a shimmering altar of Xom.
  4642 | D:5      | Found a runed door.
  4646 | D:5      | Found a basalt altar of Yredelemnul.
  4690 | D:5      | Fell from the grace of Ru
  4690 | D:5      | Became a worshipper of Makhleb the Destroyer
  4995 | D:6      | Noticed Duvessa
  4997 | D:6      | Noticed Dowan
  5026 | D:6      | Killed Dowan
  5029 | D:6      | Killed Duvessa
  5029 | D:6      | Reached XP level 9. HP: 36/54 MP: 9/9
  5040 | D:6      | Noticed Menkaure
  5140 | D:6      | Killed Menkaure
  5317 | D:6      | Found a snail-covered altar of Cheibriados.
  5569 | D:6      | Noticed Eustachio
  5648 | D:6      | Killed Eustachio
  5757 | D:6      | Found a shimmering altar of Xom.
  5911 | D:6      | Found a staircase to the Ecumenical Temple.
  6000 | D:6      | Reached * piety under Makhleb
  6147 | D:7      | Found Ubuloupo's Book Shop.
  6289 | D:7      | Found an iron altar of Okawaru.
  6496 | D:7      | Found a bloodstained altar of Trog.
  6521 | D:7      | Reached XP level 10. HP: 54/61 MP: 10/10
  6754 | D:8      | Found a glowing golden altar of the Shining One.
  6769 | D:8      | Noticed bappy's ghost (novice HaAs)
  6782 | D:8      | Noticed a two-headed ogre
  6783 | D:8      | Noticed a gargoyle
  6787 | D:8      | Noticed a gargoyle
  6788 | D:8      | Noticed a gargoyle
  6795 | D:8      | Slain by a two-headed ogre

Skill      XL: |  1  2  3  4  5  6  7  8  9 10 |
---------------+-------------------------------+-----
Maces & Flails | 3 4 5 7 9 |  9.1
Armour         | 4 5 6 7 |  7.0
Dodging        | 1 |  1.1
Shields        | 4 5 6 7 8 9 |  9.0
Fighting       | 4 5 6 |  6.4

Action                   |  1- 3 |  4- 6 |  7- 9 | 10-12 || total
-------------------------+-------+-------+-------+-------++-------
Melee: Flail             |   122 |   278 |   525 |    38 ||   963
  Use: Scroll            |       |     1 |       |       ||     1
       Potion            |       |       |     3 |     1 ||     4
  Eat: Chunk             |       |     6 |     9 |     1 ||    16
       Ration            |       |       |     3 |       ||     3
Armor: Scale mail        |    53 |   181 |   315 |    13 ||   562
Dodge: Dodged            |    46 |   148 |   221 |    13 ||   428
Block: Shield            |    69 |   206 |   341 |    13 ||   629
